 Dungeon Crawl Stone Soup version 0.30.0-7-g0c4daa9e05 (webtiles) character file.

Game seed: 8916947314890569523

35973 Kenran the Cleaver (level 13, 0/118 HPs)
             Began as an Armataur Berserker on May 13, 2023.
             Was a High Priest of Trog.
             Succumbed to a black mamba's poison
             ... on level 4 of the Lair of Beasts.
             The game lasted 00:23:01 (16035 turns).

Kenran the Cleaver (Armataur Berserker)            Turns: 16035, Time: 00:23:01

Health: 0/118      AC: 15    Str: 27    XL:     13   Next: 50%
Magic:  13/13      EV:  6    Int:  9    God:    Trog [*****.]
Gold:   612        SH:  9    Dex:  9    Spells: 12/12 levels left

rFire   . . .        a - +10 war axe of Fietidd {speed, rC+}
rCold   + . .        x - +0 kite shield
rNeg    . . .        l - +0 chain mail
rPois   +            u - +0 helmet
rElec   .            R - +1 cloak
rCorr   .            A - +0 pair of gloves
SInv    +            (no barding)
Will    .....        (no amulet) Stlth
                     D - ring of see invisible
HPRegen 0.39/turn    E - ring of poison resistance
MPRegen 0.13/turn

%: roll
@: lethally poisoned (0 -> -5), marked, on berserk cooldown, slowed, very slow
A: large, rugged brown scales 3, deformed body, armoured tail, roll, long
tongue, awkward tongue
a: Renounce Religion, Berserk, Trog's Hand, Brothers in Arms


You were on level 4 of the Lair of Beasts.
You worshipped Trog.
Trog was extremely pleased with you.
You visited 2 branches of the dungeon, and saw 16 of its levels.
You also visited: Ossuary.

You collected 768 gold pieces.
You spent 156 gold pieces at shops.

Inventory:

Hand Weapons
 a - the +10 war axe of Fietidd (weapon) {speed, rC+}
   (You found it on level 6 of the Dungeon)

   rC:        It protects you from cold.
 b - a +1 hand axe of flaming
 T - a +4 broad axe of protection
Missiles
 y - a throwing net (quivered)
Armour
 l - a +0 chain mail (worn)
 u - a +0 helmet (worn)
 x - a +0 kite shield (worn)
 A - a +0 pair of gloves (worn)
 R - a +1 cloak (worn)
Jewellery
 h - a +6 ring of dexterity
 D - a ring of see invisible (left hand)
 E - a ring of poison resistance (right hand)
 N - a ring of ice
 Q - a ring of positive energy
Wands
 c - a wand of flame (19)
 p - a wand of iceblast (24)
 q - a wand of paralysis (5)
 F - a wand of light (7)
 P - a wand of digging (10)
 S - a wand of polymorph (5)
Scrolls
 d - 5 scrolls of poison {!r}
 f - 3 scrolls of enchant armour
 j - a scroll of fog
 m - 3 scrolls of immolation {!r}
 n - 7 scrolls of teleportation
 o - 2 scrolls of brand weapon
 s - 2 scrolls of torment {!r}
 w - 2 scrolls of vulnerability {!r}
 B - 3 scrolls of fear
 H - 3 scrolls of magic mapping
 I - 3 scrolls of summoning
 K - 2 scrolls of blinking
 M - a scroll of amnesia {unknown}
Potions
 e - 7 potions of attraction {!q}
 i - 3 potions of berserk rage {unknown}
 k - 6 potions of magic
 r - 2 potions of haste {unknown}
 t - 2 potions of cancellation {unknown}
 v - 3 potions of might {unknown}
 z - 5 potions of lignification {unknown}
 C - 5 potions of heal wounds {@q2}
 G - 8 potions of curing {@q1}
 J - a potion of ambrosia {unknown}
 L - a potion of flight {unknown}
 O - a potion of mutation {unknown}


   Skills:
 + Level 9.0 Fighting
 - Level 2.7 Long Blades
 + Level 13.1(14.4) Axes
 - Level 10.0(13.4) Maces & Flails
 - Level 3.1(9.1) Polearms
 - Level 10.0 Armour
 - Level 1.3 Dodging
 - Level 6.0 Shields


You had 12 spell levels left.
You didn't know any spells.
Your spell library was empty.

Dungeon Overview and Level Annotations

Branches:
Dungeon (11/15)            Temple (0/1) D:6            Lair (5/5) D:8
  Swamp (0/4) Lair:3       Spider (0/4) Lair:3      Ossuary (visited)
  Slime: Lair:4-5       Orc: D:9-12

Altars:
Ashenzari
Cheibriados
Nemelex Xobeh
Sif Muna
Wu Jian
The Shining One

Shops:
D:1 *   D:7 :*   D:9 [

Annotations:
D:9 1 runed translucent door, Dwachs's ghost, journeyman GrEE
D:10 2 runed translucent doors, P0WERM0DE's ghost, journeyman MeEE
D:11 3 runed translucent doors, Jarnaxa's ghost, journeyman DsFi


Innate Abilities, Weirdness & Mutations

You are completely covered in rugged brown scales. (AC +3, +7% HP)
Armour fits poorly on your strangely shaped body.
You have a long armoured tail.
You roll when moving toward enemies. (Rampage)
Your long tongue fully drains potion bottles. (2x potion effects)
Your tongue gives you trouble enunciating. (1.5x scroll delay)


Message History

Trog accepts your kill.
* * * LOW HITPOINT WARNING * * *
You feel sick.
Your Fighting skill increases to level 9!
You slice the black mamba!!
You kill the black mamba!
Trog accepts your kill.
* * * LOW HITPOINT WARNING * * *
You feel sick.
You are too berserk!
* * * LOW HITPOINT WARNING * * *
You feel sick.
You feel a strong urge to attack something.
* * * LOW HITPOINT WARNING * * *
You feel very sick.
* * * LOW HITPOINT WARNING * * *
You feel sick.
You feel your anger nearly subside.
* * * LOW HITPOINT WARNING * * *
You feel sick.
* * * LOW HITPOINT WARNING * * *
You feel sick.
You are too berserk!
Unknown command.
You are too berserk!
Unknown command.
There's nothing to close nearby.
You are too berserk!
Unknown command.
You are too berserk!
Unknown command.
Your blood rage is quickly leaving you.
* * * LOW HITPOINT WARNING * * *
You feel sick.
* * * LOW HITPOINT WARNING * * *
You feel sick.
You are no longer berserk.
You are exhausted.
You feel yourself slow down.
You die...

.....##...# ##......#........#
##....##.######.....P##..##..##
.#....##............###..##...#
.##....'....P##......#....##.##
.##...##.....##.....#....##..##
..#..##.+.#####.......P.##.#..#
......##.######††............##
.....###..P#P...>............#
................@............#
.............................##
..........................(...#
.............................##
.......P.##..##...####'#####.##
........##.####...###..### #..#
#......#######.....###...###.P#
##.....##...###....##.....##.##
###...###....##[..###........#


There were no monsters in sight!

Vanquished Creatures
  Gastronok (D:8)
  Kirke (Lair:3)
  Josephine (Lair:4)
  3 hydras
  2 centaur warriors
  3 two-headed ogres
  Sonja (Lair:3)
  Nergalle (D:11)
  A pharaoh ant (Lair:3)
  3 bog bodies (Lair:3)
  A manticore (D:8)
  A cyclops (D:11)
  4 elephants (Lair:2)
  4 black mambas
  7 cane toads
  5 rime drakes
  5 komodo dragons
  4 trolls
  2 polar bears
  9 blink frogs
  Prince Ribbit (D:7)
  Sigmund (D:4)
  2 shadows (D:11)
  24 yaks
  6 wyverns
  A vampire (D:8)
  8 wraiths
  4 hogs (Lair:3)
  3 redbacks (Lair:3)
  4 steam dragons
  A basilisk (Lair:3)
  2 swamp worms (Lair:3)
  Menkaure (D:4)
  14 water moccasins
  4 orc warriors
  3 black bears
  3 sky beasts
  2 ogres
  2 ice beasts
  4 wolves (Lair:1)
  7 centaurs
  9 bullfrogs
  2 kobold brigands
  A gnoll sergeant (D:6)
  4 scorpions
  7 wights
  9 killer bees
  An electric eel (Lair:3)
  6 howler monkeys
  3 hounds
  2 jellies
  A gnoll bouda (D:6)
  6 orc priests
  Crazy Yiuf (D:2)
  6 orc wizards
  4 iguanas
  A mummy (Ossuary)
  Robin (D:4)
  9 gnolls
  7 adders
  A shadow imp (D:6)
  A white imp (D:6)
  An ufetubus (D:7)
  3 worms (D:2)
  A dart slug (D:1)
  39 orcs
  3 endoplasms (D:2)
  4 giant cockroaches
  14 goblins
  5 hobgoblins
  6 jackals (D:1)
  10 kobolds
  5 quokkas
  5 ball pythons
  3 bats (D:1)
  6 frilled lizards
  9 gnoll skeletons (Ossuary)
  4 kobold skeletons (Ossuary)
  12 orc skeletons (Ossuary)
  7 rats
375 creatures vanquished.

Vanquished Creatures (others)
  A human (Lair:3)
  A basilisk (Lair:3)
  A bullfrog (D:6)
  An orc wizard (D:5)
4 creatures vanquished.

Grand Total: 379 creatures vanquished

Notes
Turn   | Place    | Note
-------+----------+-------------------------------------------
     0 | D:1      | Kenran the Armataur Berserker began the quest for the Orb.
     0 | D:1      | Reached XP level 1. HP: 19/19 MP: 1/1
    57 | D:1      | Reached skill level 1 in Polearms
    72 | D:1      | Reached XP level 2. HP: 26/26 MP: 2/2
   202 | D:1      | Found Gammejub's Assorted Antiques.
   280 | D:1      | Reached ** piety under Trog
   286 | D:1      | Reached XP level 3. HP: 27/32 MP: 3/3
   345 | D:1      | Bought a scroll labelled NAHAYP QERAESCH for 26 gold pieces
   640 | D:2      | Reached XP level 4. HP: 38/39 MP: 4/4
  1065 | D:2      | Identified the +8 hammer "Wum Moe" {freeze, rPois Str-3
                  | Int+2 Dex+7}
  1071 | D:2      | Found a runed translucent door.
  1072 | D:2      | Noticed Crazy Yiuf
  1076 | D:2      | Killed Crazy Yiuf
  1077 | D:2      | Reached skill level 1 in Maces & Flails
  1378 | D:3      | Reached XP level 5. HP: 34/44 MP: 5/5
  1454 | D:3      | Noticed an ice beast
  1464 | D:3      | Killed an ice beast
  2111 | D:4      | Noticed Robin
  2114 | D:4      | Noticed Sigmund
  2116 | D:4      | Reached *** piety under Trog
  2131 | D:4      | Killed Robin
  2136 | D:4      | Killed Sigmund
  2137 | D:4      | Reached XP level 6. HP: 16/53 MP: 6/6
  2335 | D:4      | Noticed Menkaure
  2342 | D:4      | Killed Menkaure
  2343 | D:4      | Reached skill level 5 in Maces & Flails
  2343 | D:4      | Reached XP level 7. HP: 17/59 MP: 7/7
  2614 | D:5      | Entered Level 5 of the Dungeon
  3138 | D:5      | Found a glowing golden altar of the Shining One.
  3716 | D:5      | Reached XP level 8. HP: 56/66 MP: 8/8
  4392 | D:6      | Reached **** piety under Trog
  4480 | D:6      | Found a staircase to the Ecumenical Temple.
  4861 | D:6      | Reached skill level 10 in Maces & Flails
  4864 | D:6      | Identified the +10 war axe of Fietidd {speed, rC+}
  4954 | D:7      | Reached XP level 9. HP: 72/72 MP: 9/9
  4983 | D:7      | Reached skill level 1 in Axes
  5078 | D:7      | Found Suissont's Book Boutique.
  5078 | D:7      | Noticed a walking frostbound tome
  5080 | D:7      | Noticed a walking divine tome
  5096 | D:7      | Found Gythavox's General Store.
  5105 | D:7      | Reached skill level 2 in Axes
  5109 | D:7      | Bought 2 potions of heal wounds for 130 gold pieces
  5363 | D:7      | Noticed Prince Ribbit
  5367 | D:7      | Identified a scroll of acquirement
  5376 | D:7      | Killed Prince Ribbit
  5377 | D:7      | Reached skill level 3 in Axes
  5377 | D:7      | Acquired a ring of poison resistance
  5564 | D:7      | Found a shimmering blue altar of Sif Muna.
  5680 | D:8      | Noticed Gastronok
  5697 | D:8      | Killed Gastronok
  5698 | D:8      | Reached skill level 5 in Fighting
  5698 | D:8      | Reached skill level 5 in Axes
  5823 | D:8      | Reached XP level 10. HP: 79/86 MP: 10/10
  5942 | D:8      | Noticed a manticore
  5950 | D:8      | Reached skill level 6 in Axes
  5950 | D:8      | Noticed a centaur warrior
  5955 | D:8      | Killed a manticore
  5959 | D:8      | Killed a centaur warrior
  5960 | D:8      | Reached skill level 7 in Axes
  5992 | D:8      | Reached skill level 8 in Axes
  6233 | D:8      | Found a staircase to the Lair.
  6323 | D:8      | Found a sand-covered staircase.
  6328 | Ossuary  | Entered an ossuary
  6469 | Ossuary  | Reached ***** piety under Trog
  7023 | D:8      | Identified the +8 flail of the Sage {holy, Dex+3}
  7051 | D:8      | Found an ornate altar of the Wu Jian Council.
  7055 | D:8      | Found a sparkling altar of Nemelex Xobeh.
  7058 | D:8      | Found a snail-covered altar of Cheibriados.
  7209 | D:9      | Found Guganlez's Armour Shop.
  7230 | D:9      | Reached skill level 9 in Axes
  7764 | D:9      | Found a runed translucent door.
  7781 | D:9      | Noticed Dwachs's ghost (journeyman GrEE)
  7782 | D:9      | Noticed a red ugly thing
  8010 | D:9      | Reached XP level 11. HP: 77/92 MP: 11/11
  8359 | D:10     | Entered Level 10 of the Dungeon
  8359 | D:10     | Noticed a two-headed ogre
  8365 | D:10     | Killed a two-headed ogre
  8366 | D:10     | Reached skill level 10 in Axes
  8836 | D:10     | Noticed a two-headed ogre
  8846 | D:10     | Killed a two-headed ogre
  8865 | D:10     | Reached skill level 11 in Axes
  8999 | D:10     | Found a large runed translucent door.
  8999 | D:10     | Found a large runed translucent door.
  9001 | D:10     | Noticed P0WERM0DE's ghost (journeyman MeEE)
  9662 | D:11     | Noticed Nergalle
  9666 | D:11     | Noticed a spectral orc warlord
  9672 | D:11     | Killed Nergalle
  9791 | D:11     | Found a runed translucent gate.
  9791 | D:11     | Found a runed translucent gate.
  9792 | D:11     | Found a runed translucent gate.
  9794 | D:11     | Noticed Jarnaxa's ghost (journeyman DsFi)
  9808 | D:11     | Noticed a two-headed ogre
  9820 | D:11     | Killed a two-headed ogre
  9994 | D:11     | Noticed a centaur warrior
 10002 | D:11     | Killed a centaur warrior
 10003 | D:11     | Reached skill level 12 in Axes
 10068 | D:11     | Received a gift from Trog
 11074 | Lair:1   | Entered Level 1 of the Lair of Beasts
 11423 | Lair:1   | Reached XP level 12. HP: 34/100 MP: 12/12
 11955 | Lair:1   | Reached skill level 5 in Armour
 12850 | Lair:2   | Noticed a six-headed hydra
 12886 | Lair:2   | Killed a one-headed hydra
 13408 | Lair:3   | Found a broken altar of Ashenzari.
 13456 | Lair:3   | Noticed Sonja
 13461 | Lair:3   | Identified the +0 scale mail of Inference {rN++}
 13461 | Lair:3   | Killed Sonja
 13515 | Lair:3   | Noticed Kirke
 13531 | Lair:3   | Killed Kirke
 13651 | Lair:3   | Noticed a five-headed hydra
 13658 | Lair:3   | Killed a one-headed hydra
 13659 | Lair:3   | Reached skill level 10 in Armour
 13835 | Lair:3   | Found a hole to the Spider Nest.
 14066 | Lair:3   | Reached skill level 1 in Shields
 14073 | Lair:3   | Reached XP level 13. HP: 57/114 MP: 13/13
 14504 | Lair:3   | Found a staircase to the Swamp.
 14719 | Lair:4   | Reached skill level 5 in Shields
 14730 | Lair:4   | Received a gift from Trog
 14842 | Lair:4   | Noticed Josephine
 14867 | Lair:4   | Killed Josephine
 15212 | Lair:4   | Reached skill level 13 in Axes
 15966 | Lair:5   | Entered Level 5 of the Lair of Beasts
 16029 | Lair:4   | HP: 8/177 [poisoned by a black mamba]
 16034 | Lair:4   | HP: 3/177 [poisoned by a black mamba]
 16035 | Lair:4   | Succumbed to a black mamba's poison

Illustrated notes

Levels and vault maps discovered:
D:1:      ldierk_walled_garden_2, layout_basic, serial_shops,
          nicolae_shop_window_shopping, nrook_mini_backslash,
          minmay_misc_feat_five
D:2:      layout_rooms, kennysheep_pointless_box, st_stairs_5,
          minmay_misc_feat_hallway, uniq_crazy_yiuf_cottage
D:3:      layout_rooms
D:4:      layout_cave_pools, nicolae_figureground_pulse, uniq_sigmund,
          uniq_menkaure, uniq_robin
D:5:      layout_loops_corners, tso_metal_star
D:6:      layout_loops_ring, minmay_temple_entry_large_hall, dk_noncrumbling_4
D:7:      layout_loops_ring, nicolae_sif_muna_little_library, serial_shops,
          nicolae_shop_mannequins, shop, nicolae_titane, uniq_prince_ribbit1
D:8:      layout_loops_ring, minitemple, lair_entry_dummy, enter_ossuary_2,
          minmay_misc_feat_encased, dreamdust_mushroom_princess,
          minmay_pinched_square, uniq_gastronok
D:9:      layout_irregular_city, serial_shops, nicolae_shop_crystal,
          ebering_ghost_inner_flame, kennysheep_generic_room_12
D:10:     layout_basic, ebering_ghost_disaster_area
D:11:     layout_basic, gammafunk_ghost_spectres, uniq_nergalle
Lair:1:   layout_loops_ring, beast_lair_carwin_3, lemuel_fruit_tree
Lair:2:   layout_gridlike, grunt_megastairs_4
Lair:3:   layout_misc_corridors, nicolae_swamp_entry_splash_gauntlet,
          nicolae_spider_entry_lesser_pyramids, basic_altar, uniq_kirke,
          uniq_sonja
Lair:4:   layout_regular_city, uniq_josephine
Lair:5:   cheibrodos_lair_end_hotspot, layout_regular_city, slime_entry_1

Skill      XL: |  1  2  3  4  5  6  7  8  9 10 11 12 13 |
---------------+----------------------------------------+-----
Polearms       | 1 2 3 |  3.1
Maces & Flails | 2 4 5 7 10 | 10.0
Axes           | 5 9 12 13 | 13.1
Fighting       | 5 8 9 |  9.0
Armour         | 3 10 | 10.0
Shields        | 3 6 |  6.0
Long Blades    | |  2.7
Dodging        | |  1.3

Action                     |  1- 3 |  4- 6 |  7- 9 | 10-12 | 13-15 || total
---------------------------+-------+-------+-------+-------+-------++-------
  Melee: Spear             |    75 |    16 |       |       |       ||    91
         Tailslap          |     9 |     8 |    27 |    61 |    16 ||   121
         Falchion          |     1 |       |       |       |       ||     1
         Mace              |       |    72 |   126 |       |       ||   198
         War axe           |       |       |    66 |   490 |   135 ||   691
         Hand axe          |       |       |       |    14 |    10 ||    24
 Invoke: Berserk           |       |     1 |     5 |     7 |     3 ||    16
         Trog's Hand       |       |       |     1 |     5 |       ||     6
  Evoke: Wand              |       |       |       |     2 |       ||     2
    Use: Scroll            |       |     4 |     8 |     5 |     4 ||    21
   Stab: Sleeping          |     3 |       |       |       |       ||     3
         Paralysed         |       |       |       |     1 |       ||     1
 Armour: Animal skin       |    20 |       |       |       |       ||    20
         Chain mail        |     2 |    54 |    98 |   151 |    49 ||   354
  Dodge: Dodged            |    21 |    26 |    50 |   102 |    26 ||   225
  Block: Buckler           |       |       |     9 |       |       ||     9
         Kite shield       |       |       |    45 |   111 |    53 ||   209
